 Dungeon Crawl Stone Soup version 0.27.1-4-g1640c2035a (webtiles) character file.

Game seed: 13935507853719846111

795 tizbic2 the Slasher (level 7, 0/49 (62) HPs)
             Began as a Troll Ice Elementalist on Nov 13, 2021.
             Was an Elder of Kikubaaqudgha.
             Slain by Duvessa (1 damage)
             ... on level 5 of the Dungeon.
             The game lasted 00:27:09 (3146 turns).

tizbic2 the Slasher (Troll Ice Elementalist)        Turns: 3146, Time: 00:27:11

HP:   0/49 (62)     AC: 15    Str: 17    XL:     7   Next: 58%
MP:   5/9           EV: 10    Int: 13    God:    Kikubaaqudgha [****..]
Gold: 316           SH:  0    Dex: 10    Spells: 4/11 levels left

rFire    . . .     SeeInvis .   p - +1 triple sword
rCold    . . .     Faith    .   (shield currently unavailable)
rNeg     + . .     Spirit   .   t - +2 robe {rN+}
rPois    .         Reflect  .   (helmet restricted)
rElec    .         Harm     .   (no cloak)
rCorr    .         Rampage  .   (gloves unavailable)
Will     .....                  (boots unavailable)
Stlth    +.........             (no amulet)
HPRegen  1.16/turn              j - +4 ring of protection
MPRegen  0.11/turn              (no ring)

@: ice-armoured, heavily drained
A: large, unfitting armour, claws 3, regeneration 1, shaggy fur 1, tough skin 1
a: Renounce Religion, Receive Corpses


You were on level 5 of the Dungeon.
You worshipped Kikubaaqudgha.
Kikubaaqudgha was greatly pleased with you.
You visited 1 branch of the dungeon, and saw 5 of its levels.

You collected 316 gold pieces.

Inventory:

Hand Weapons
 d - a +2 dagger of venom
 p - a +1 triple sword (weapon)
 q - a +2 dagger of protection
 r - a +1 scythe of flaming
Missiles
 b - 222 stones (quivered)
 e - 31 poisoned darts
Armour
 l - a +1 robe of fire resistance
 t - a +2 robe of positive energy (worn)
Jewellery
 a - a ring of fire
 j - a +4 ring of protection (left claw)
 n - an amulet of guardian spirit
Wands
 m - a wand of polymorph (10)
Scrolls
 c - 2 scrolls of amnesia {unknown}
 g - a scroll of silence
 h - a scroll of acquirement {unknown}
 i - a scroll of identify
 k - 2 scrolls of fear
Potions
 f - a potion of curing
 o - a potion of attraction {unknown}
 s - a potion of mutation {unknown}


   Skills:
 + Level 1.5 Fighting
 - Level 0.4(2.5) Short Blades
 * Level 4.1 Long Blades
 + Level 3.4 Dodging
 - Level 1.0 Stealth
 * Level 2.6 Spellcasting
 + Level 0.9 Necromancy
 + Level 3.6 Ice Magic


You had 4 spell levels left.
You knew the following spells:

 Your Spells              Type           Power      Damage    Failure   Level
a - Freeze                Ice            44%        1d6       5%          1
b - Sublimation of Blood  Necr           2%         N/A       24%         2
c - Pain                  Necr           16%        1d4       16%         1
d - Ozocubu's Armour      Ice            11%        N/A       16%         3

Your spell library contained the following spells:

 Spells                   Type           Power      Damage    Failure   Level
 Animate Skeleton         Necr           8%         N/A       16%         1
 Frozen Ramparts          Ice            22%        1d4       16%         3
 Corpse Rot               Necr/Air       N/A        N/A       30%         2
 Vampiric Draining        Necr           2%         2d6       43%         3
 Hailstorm                Conj/Ice       6%         3d4       75%         4
 Animate Dead             Necr           2%         N/A       85%         4
 Dispel Undead            Necr           4%         3d7       85%         4
 Fulminant Prism          Conj/Hex       0%         3d6       94%         4
 Iskenderun's Mystic Bla  Conj/Tloc      1%         2d3       94%         4
 Agony                    Necr           4%         N/A       99%         5
 Excruciating Wounds      Necr           2%         N/A       99%         5
 Lee's Rapid Deconstruct  Erth           0%         3d5*      100%        5
 Death Channel            Necr           2%         N/A       100%        6


Dungeon Overview and Level Annotations

Branches:
Dungeon (5/15)
 Temple: D:4-7

Altars:
Kikubaaqudgha
Zin

Shops:
D:1 (

Annotations:
D:3 2 transporters, ystael's ghost, amateur MiFi
D:5 Duvessa


Innate Abilities, Weirdness & Mutations

You are too large for most types of armour.
You have claws for hands.
Your natural rate of healing is unusually fast.
You are covered in fur. (AC +1)
You have tough skin. (AC +1)


Message History

You hit Duvessa.
Duvessa is lightly wounded.
Duvessa hits you but does no damage. You partially resist.
Duvessa hits you with a +2 short sword of draining!!
You partially resist.
You feel drained.
You barely miss Duvessa.
Duvessa is lightly wounded.
Duvessa hits you with a +2 short sword of draining.
You partially resist.
You feel drained.
Duvessa hits you with a +2 short sword of draining!
You partially resist.
You feel drained.
Duvessa hits you with a +2 short sword of draining.
* * * LOW HITPOINT WARNING * * *
You partially resist.
You feel drained.
* * * LOW HITPOINT WARNING * * *
Casting: Pain (safe; 16% risk of failure)
Confirm with . or Enter, or press ? or * to list all spells.
A film of ice covers your body! Duvessa misses you.
You slash Duvessa!
Duvessa is moderately wounded.
Duvessa hits you with a +2 short sword of draining.
* * * LOW HITPOINT WARNING * * *
You partially resist.
You feel drained. Duvessa closely misses you.
Duvessa hits you with a +2 short sword of draining!
* * * LOW HITPOINT WARNING * * *
You partially resist.
You feel drained.
You feel better. Duvessa hits you but does no damage. You partially resist.
You closely miss Duvessa.
Duvessa is moderately wounded.
Duvessa hits you with a +2 short sword of draining.
* * * LOW HITPOINT WARNING * * *
You partially resist.
You feel drained.
Duvessa hits you with a +2 short sword of draining.
* * * LOW HITPOINT WARNING * * *
You partially resist.
You feel drained.
Duvessa hits you with a +2 short sword of draining!
* * * LOW HITPOINT WARNING * * *
You partially resist.
You feel drained.
You die...
Kikubaaqudgha rasps: "You have failed me!
Welcome... death!"

#.............#.#.#
#.............#.#.#
#...........#.#.#.#
##.###......#.#.#.# ..##.#
#..#.......#.# #.##.#
#..#...†.###.## #.##.#
#.............#### #.##.#
#.#<.............. #.##.#
#@#...........####
###.##.# #e##.###......#
###......###O##.###......#
#....).......##..##......#
#...###+###.####.##.######
#.. #.# #.##.# O.. #.#
#.##.# ... #.# #.##.# ####
.. +.# #..#.##...#


You could see Duvessa (berserk) and an ogre.

Vanquished Creatures
  Grinder (D:3)
  Sigmund (D:3)
  A scorpion (D:5)
  Dowan (D:5)
  4 hounds
  Jessica (D:3)
  Robin (D:3)
  7 adders
  A white imp (D:5)
  3 dart slugs
  3 worms
  3 orcs
  4 endoplasms
  5 giant cockroaches
  20 goblins
  10 hobgoblins
  4 jackals
  5 kobolds
  4 quokkas
  7 ball pythons
  5 bats
  5 frilled lizards
  6 rats
  A spectral goblin (D:1)
103 creatures vanquished.

Vanquished Creatures (others)
  An endoplasm (D:2)
1 creature vanquished.

Grand Total: 104 creatures vanquished

Notes
Turn   | Place    | Note
-------+----------+-------------------------------------------
     0 | D:1      | tizbic2 the Troll Ice Elementalist began the quest for the
                  | Orb.
     0 | D:1      | Reached XP level 1. HP: 16/16 MP: 1/1
    67 | D:1      | Found Wetz's Weapon Shoppe.
   182 | D:1      | Found a faded altar of an unknown god.
   259 | D:1      | Became a worshipper of Kikubaaqudgha
   259 | D:1      | Reached * piety under Kikubaaqudgha
   259 | D:1      | Received a gift from Kikubaaqudgha
   393 | D:1      | Reached XP level 2. HP: 24/24 MP: 3/3
   639 | D:1      | Learned a level 2 spell: Sublimation of Blood
   808 | D:2      | Reached XP level 3. HP: 24/31 MP: 4/4
   832 | D:2      | Reached ** piety under Kikubaaqudgha
   860 | D:2      | Learned a level 1 spell: Pain
   988 | D:2      | Found a glowing silver altar of Zin.
  1368 | D:2      | Reached XP level 4. HP: 34/39 MP: 1/5
  1588 | D:3      | Found a transporter.
  1588 | D:3      | Found a transporter.
  1588 | D:3      | Noticed ystael's ghost (amateur MiFi)
  1731 | D:3      | Noticed Robin
  1745 | D:3      | Reached *** piety under Kikubaaqudgha
  1745 | D:3      | Received a gift from Kikubaaqudgha
  1775 | D:3      | Killed Robin
  1815 | D:3      | Noticed Sigmund
  1830 | D:3      | Killed Sigmund
  1831 | D:3      | Reached skill level 2 in Long Blades
  1831 | D:3      | Reached XP level 5. HP: 33/46 MP: 5/7
  1831 | D:3      | Reached XP level 6. HP: 39/54 MP: 5/8
  1999 | D:3      | Noticed Jessica
  2032 | D:3      | Killed Jessica
  2033 | D:3      | Reached skill level 1 in Fighting
  2095 | D:3      | Learned a level 3 spell: Ozocubu's Armour
  2159 | D:3      | Noticed Grinder
  2172 | D:3      | Paralysed by Grinder for 6 turns
  2181 | D:3      | Paralysed by Grinder for 3 turns
  2185 | D:3      | Killed Grinder
  2186 | D:3      | Reached skill level 3 in Long Blades
  2508 | D:4      | Reached XP level 7. HP: 56/62 MP: 0/9
  2857 | D:5      | Entered Level 5 of the Dungeon
  3068 | D:5      | Reached **** piety under Kikubaaqudgha
  3069 | D:5      | Reached skill level 4 in Long Blades
  3100 | D:5      | Noticed Dowan
  3109 | D:5      | Killed Dowan
  3132 | D:5      | Noticed Duvessa
  3146 | D:5      | HP: 1/51 [Duvessa (8)]
  3146 | D:5      | Slain by Duvessa

Illustrated notes

Levels and vault maps discovered:
D:1:      dpeg_arrival_rhombi, layout_basic, serial_shops, shop,
          dreamdust_ecumenical_altar_drowned_temple
D:2:      minmay_chambers_of_twos, layout_loops_ring, basic_altar,
          minmay_fractal_squares_5
D:3:      layout_basic, gammafunk_ghost_arena, minmay_misc_feat_secret_circle,
          minmay_misc_feat_enclosed, chequers_decorated_corner,
          kennysheep_potato, uniq_grinder, uniq_jessica, uniq_robin,
          uniq_sigmund
D:4:      layout_rooms, sigmund_army
D:5:      layout_basic, temple_green, nrook_mini_vaults,
          kennysheep_generic_room_2, uniq_duvessa

Skill      XL: |  1  2  3  4  5  6  7 |
---------------+----------------------+-----
Ice Magic      | 3 |  3.6
Dodging        | 2 3 |  3.4
Long Blades    | 2 3 4 |  4.1
Spellcasting   | 2 |  2.6
Fighting       | 1 |  1.5
Short Blades   | |  0.4
Stealth        | |  1.0
Necromancy     | |  0.9

Action                   |  1- 3 |  4- 6 |  7- 9 || total
-------------------------+-------+-------+-------++-------
Melee: Dagger            |    86 |    31 |       ||   117
       Unarmed           |     8 |       |       ||     8
       Triple sword      |       |   125 |    56 ||   181
Throw: Stone             |     4 |       |       ||     4
 Cast: Freeze            |    15 |     9 |     1 ||    25
       Pain              |     4 |    15 |    14 ||    33
       Ozocubu's Armour  |       |     1 |     5 ||     6
  Use: Scroll            |     1 |     6 |       ||     7
       Potion            |       |     1 |     1 ||     2
 Stab: Sleeping          |       |       |     1 ||     1
Armor: Robe              |    55 |   185 |    50 ||   290
Dodge: Dodged            |    58 |   186 |   105 ||   349
       Rpst.: Triple sword |       |    46 |    20 ||    66
